 Dungeon Crawl Stone Soup version 0.27.0-1-g7a089689b8 (webtiles) character file.

Game seed: 12413179592599362925

294 robertstho the Sneak (level 6, -15/44 HPs)
             Began as an Octopode Berserker on Aug 5, 2021.
             Was a Follower of Trog.
             Demolished by an ogre (25 damage)
             ... on level 4 of the Dungeon.
             The game lasted 00:03:24 (3611 turns).

robertstho the Sneak (Octopode Berserker)           Turns: 3611, Time: 00:03:24

Health: -15/44     AC:  1    Str: 18    XL:     6   Next: 33%
Magic:  6/6        EV: 14    Int: 10    God:    Trog [*.....]
Gold:   96         SH:  0    Dex: 11    Spells: 5/5 levels left

rFire    . . .     SeeInvis .   a - +1 short sword
rCold    . . .     Faith    .   (no shield)
rNeg     . . .     Spirit   .   (helmet restricted)
rPois    .         Reflect  .   (no amulet)
rElec    .         Harm     .   (no ring)
rCorr    .         Rampage  .   (no ring)
Will     .....                  (no ring)
Stlth    ++++......             (no ring)
HPRegen  0.14/turn              (no ring)
MPRegen  0.10/turn              (no ring)
                                (no ring)
                                (no ring)

@: no status effects
A: almost no armour, amphibious, 8 rings, camouflage 1, gelatinous body 1,
(nimble swimmer 1), tentacles
a: Renounce Religion, Berserk


You were on level 4 of the Dungeon.
You worshipped Trog.
Trog was aware of your devotion.
You visited 1 branch of the dungeon, and saw 4 of its levels.

You collected 96 gold pieces.

Inventory:

Hand Weapons
 a - a +1 short sword (weapon)
Scrolls
 d - a scroll of identify
 g - a scroll of fog
Potions
 b - 3 potions of heal wounds
 c - a potion of flight {unknown}
 e - a potion of ambrosia {unknown}
 f - a potion of lignification {unknown}
 h - a potion of cancellation {unknown}
 i - 2 potions of curing


   Skills:
 * Level 4.5 Fighting
 + Level 4.1 Short Blades
 + Level 3.8 Dodging
 * Level 4.8 Stealth


You had 5 spell levels left.
You didn't know any spells.
Your spell library was empty.

Dungeon Overview and Level Annotations

Branches:
Dungeon (4/15)             Temple (0/1) D:4

Altars:

Shops:
D:4 (


Innate Abilities, Weirdness & Mutations

You cannot wear most types of armour.
You are amphibious.
You can wear up to eight rings at the same time.
Your skin changes colour to match your surroundings (Stealth+).
Your rubbery body absorbs attacks. (AC +1, EV +1)
((You are camouflaged near water. (Stealth+)))
You have tentacles for arms and can constrict up to eight enemies at once.


Message History

No target in view!
No target in view!
Found a stone staircase leading down.
You see here an iguana corpse.
You open the gate.
There is an open gate here.
You open the gate.
There is an open gate here.
An ogre comes into view. It is wielding a +0 giant club.
The ogre shouts!
Found a robe.
An ogre is nearby!
An ogre is nearby!
An ogre is nearby!
An ogre is nearby!
The ogre hits you with a +0 giant club!
You puncture the ogre! You squeeze the ogre.
The ogre is heavily wounded.
The ogre misses you.
You barely miss the ogre. Your squeeze misses the ogre.
The ogre is heavily wounded.
You hit the ogre.
The ogre is severely wounded.
The ogre hits you with a +0 giant club!!
* * * LOW HITPOINT WARNING * * *
You are too injured to fight recklessly!
You are too injured to fight recklessly!
You are too injured to fight recklessly!
You are too injured to fight recklessly!
You are too injured to fight recklessly!
You are too injured to fight recklessly!
You are too injured to fight recklessly!
You are too injured to fight recklessly!
You are too injured to fight recklessly!
You are too injured to fight recklessly!
You hit the ogre.
The ogre is almost dead.
The ogre hits you with a +0 giant club!!
Ouch! That really hurt!
You die...

#...# #...#
#...# #...#
#...# #...#
##+##...#
##[..#'''#
#.O@.....#
#.......###
####
#.........#
..<.
+.......?....
###
#.............
##...#######..#
##.. ..# #.. ..


You could see an ogre.

Vanquished Creatures
  Menkaure (D:4)
  A hound (D:4)
  Crazy Yiuf (D:4)
  2 iguanas (D:4)
  3 adders
  A worm (D:4)
  A dart slug (D:4)
  An orc (D:4)
  2 endoplasms
  A giant cockroach (D:2)
  5 goblins
  2 hobgoblins
  2 jackals (D:2)
  7 kobolds
  A ball python (D:2)
  3 bats
  A frilled lizard (D:1)
35 creatures vanquished.

Notes
Turn   | Place    | Note
-------+----------+-------------------------------------------
     0 | D:1      | robertstho the Octopode Berserker began the quest for the
                  | Orb.
     0 | D:1      | Reached XP level 1. HP: 16/16 MP: 1/1
    50 | D:1      | Found a faded altar of an unknown god.
   766 | D:1      | Reached XP level 2. HP: 21/21 MP: 2/2
  1244 | D:2      | Reached skill level 1 in Stealth
  1460 | D:2      | Reached XP level 3. HP: 26/26 MP: 3/3
  2465 | D:4      | Found a staircase to the Ecumenical Temple.
  2470 | D:4      | Reached XP level 4. HP: 33/33 MP: 4/4
  2761 | D:4      | Found a runed translucent door.
  2762 | D:4      | Noticed Crazy Yiuf
  2770 | D:4      | Killed Crazy Yiuf
  2946 | D:4      | Noticed Menkaure
  2951 | D:4      | Killed Menkaure
  2952 | D:4      | Reached XP level 5. HP: 21/38 MP: 5/5
  2952 | D:4      | Reached XP level 6. HP: 24/44 MP: 6/6
  3475 | D:4      | Found Wojubrai's Weapon Shoppe.
  3611 | D:4      | Demolished by an ogre

Illustrated notes

Levels and vault maps discovered:
D:1:      psy_arrival_radial02, layout_loops_ring,
          shapermc_ecumenical_altar_ellora
D:2:      layout_loops_ring
D:3:      layout_basic, gammafunk_temple_overflow_statue, serial_shops,
          shop_statue, uniq_sigmund, uniq_natasha
D:4:      layout_loops_corners, mainiacjoe_overflow_chevrons, temple_fountains,
          serial_shops, shop, kennysheep_cross_bottleneck, uniq_menkaure,
          uniq_crazy_yiuf_cottage

Skill      XL: |  1  2  3  4 |
---------------+-------------+-----
Stealth        | 1 2 4 |  4.8
Fighting       | 4 |  4.5
Short Blades   | 4 |  4.1
Dodging        | |  3.8

Action                   |  1- 3 |  4- 6 || total
-------------------------+-------+-------++-------
Melee: Short sword       |    59 |    25 ||    84
       Constrict         |    15 |     7 ||    22
       Tentacles         |    13 |     9 ||    22
Invok: Berserk           |     1 |     1 ||     2
  Use: Scroll            |     3 |     1 ||     4
 Stab: Sleeping          |     4 |     3 ||     7
Armor: Skin              |     5 |       ||     5
Dodge: Dodged            |    35 |    10 ||    45
